[Event "Israel Youth-ch U16 2025"]
[Site "Rishon Le Zion"]
[Date "2025.04.10"]
[Round "8.1"]
[White "Birka, Elia"]
[Black "Manyevich, Rom"]
[Result "1-0"]
[Annotator "ChessBase"]
[ECO "E74"]
[WhiteElo "2139"]
[BlackElo "1981"]
[PlyCount "65"]
[EventDate "2025.04.03"]
[EventType "swiss"]
[EventCountry "ISR"]
[SourceTitle "playchess.com"]
[Source "ChessBase"]
[SourceQuality "1"]
[TimeControl "5400+30"]

1. e4 c5 2. Nf3 d6 3. Bb5+ Bd7 4. Bxd7+ Nxd7 5. c4 Ngf6 6. Nc3 g6 7. d4 cxd4 8. Nxd4 Bg7 9. O-O a6 10. Qe2 Rc8 11. Be3 O-O 12. Rac1 Qa5 13. b3 Rfe8 14. Bd2 Qb6 15. Nc2 e6 16. Ne3 Ne5 17. Rfd1 Red8 18. Na4 Qc7 19. f3 Nc6 20. Bc3 Qe7 21. Nb6 Rb8 22. b4 Nd7 23. Nxd7 Rxd7 24. Bxg7 Kxg7 25. b5 Na7 26. Qb2+ Qf6 27. e5 Qg5 28. exd6+ f6 29. Qd4 Nc8 30. c5 axb5 31. Qe4 Kf7 32. Ng4 Ra8 33. h4 1-0

[Event "Israel Youth-ch U16 2025"]
[Site "Rishon Le Zion"]
[Date "2025.04.10"]
[Round "8.2"]
[White "Afek, Itay"]
[Black "Azoulay, Yehonatan"]
[Result "1/2-1/2"]
[Annotator "ChessBase"]
[ECO "A48"]
[WhiteElo "2057"]
[BlackElo "2148"]
[PlyCount "78"]
[EventDate "2025.04.03"]
[EventType "swiss"]
[EventCountry "ISR"]
[SourceTitle "playchess.com"]
[Source "ChessBase"]
[SourceQuality "1"]
[TimeControl "5400+30"]

1. d4 Nf6 2. Bf4 g6 3. e3 Bg7 4. Nf3 d6 5. h3 O-O 6. Be2 b6 7. a4 a6 8. O-O Nbd7 9. c3 Bb7 10. Bh2 Qe8 11. Nbd2 e5 12. Qb3 Ne4 13. Rfd1 Nxd2 14. Rxd2 Kh8 15. Qc4 e4 16. Ne1 Rc8 17. Nc2 f5 18. Nb4 Nb8 19. Qb3 a5 20. Nd5 g5 21. Rc1 Nd7 22. c4 Qf7 23. Qd1 h6 24. Rdc2 Nb8 25. b4 Na6 26. b5 Bxd5 27. cxd5 Nb4 28. Bxd6 Nxc2 29. Bxf8 Bxf8 30. Qxc2 Bd6 31. Rf1 Re8 32. f3 Qe7 33. fxe4 Qxe4 34. Qxe4 Rxe4 35. Kf2 f4 36. exf4 Rxd4 37. fxg5 hxg5 38. Bd1 Bc5 39. Kg3 Bd6+ 1/2-1/2

[Event "Israel Youth-ch U16 2025"]
[Site "Rishon Le Zion"]
[Date "2025.04.10"]
[Round "8.3"]
[White "Kirsch, Yahel David"]
[Black "Ribstein, Orel"]
[Result "1-0"]
[Annotator "ChessBase"]
[ECO "C07"]
[WhiteElo "1957"]
[BlackElo "2192"]
[PlyCount "97"]
[EventDate "2025.04.03"]
[EventType "swiss"]
[EventCountry "ISR"]
[SourceTitle "playchess.com"]
[Source "ChessBase"]
[SourceQuality "1"]
[TimeControl "5400+30"]

1. e4 e6 2. d4 d5 3. Nd2 c5 4. Ngf3 cxd4 5. Nxd4 Nc6 6. Bb5 Bd7 7. Nxc6 bxc6 8. Bd3 Qc7 9. Qe2 Ne7 10. e5 Ng6 11. Nf3 Be7 12. h4 f6 13. Bxg6+ hxg6 14. Qd3 g5 15. h5 O-O-O 16. Qa6+ Qb7 17. Qxb7+ Kxb7 18. g4 c5 19. Bd2 Bc6 20. O-O-O d4 21. Rh3 Bd5 22. b3 Rhf8 23. exf6 Rxf6 24. Ne5 Rxf2 25. h6 gxh6 26. Rxh6 Ka6 27. Re1 Re8 28. Nd3 Rg2 29. Re5 c4 30. Rxd5 cxd3 31. Rxe6+ Kb7 32. Rd7+ Kc8 33. Rexe7 Rh8 34. Rxa7 Rh1+ 35. Kb2 Kb8 36. Bb4 Rxc2+ 37. Ka3 Rc6 38. Rad7 Ra6+ 39. Ba5 Rh8 40. Kb4 Ra7 41. Rxa7 d2 42. Bc7+ Kxa7 43. Bf4+ Kb6 44. Re6+ Kb7 45. Bxd2 Rh2 46. Bxg5 Rxa2 47. Rd6 Rg2 48. Rxd4 Rg3 49. Bf6 1-0

[Event "Israel Youth-ch U16 2025"]
[Site "Rishon Le Zion"]
[Date "2025.04.10"]
[Round "8.4"]
[White "Magen, Ofek"]
[Black "Shefer, Uri"]
[Result "1/2-1/2"]
[Annotator "ChessBase"]
[ECO "D55"]
[WhiteElo "2115"]
[BlackElo "2265"]
[PlyCount "121"]
[EventDate "2025.04.03"]
[EventType "swiss"]
[EventCountry "ISR"]
[SourceTitle "playchess.com"]
[Source "ChessBase"]
[SourceQuality "1"]
[TimeControl "5400+30"]

1. d4 Nf6 2. Nf3 e6 3. c4 b6 4. Nc3 Bb7 5. Bg5 d5 6. cxd5 exd5 7. e3 Be7 8. Bd3 O-O 9. O-O c5 10. Rc1 h6 11. Bf4 Nc6 12. Re1 Re8 13. Ne5 Bd6 14. Bb5 Qc7 15. Nd3 c4 16. Bxd6 Qxd6 17. Bxc6 Bxc6 18. Nf4 b5 19. Qf3 b4 20. Nce2 Bd7 21. Nh5 Ne4 22. Nhg3 Nf6 23. h3 g6 24. Qf4 Qxf4 25. Nxf4 Rac8 26. Nfe2 a5 27. Nf1 Ne4 28. f3 Nd6 29. Kf2 Kg7 30. Nd2 Bc6 31. g4 Bb7 32. h4 a4 33. a3 Ba8 34. axb4 Rb8 35. Ra1 Rxb4 36. Ra2 Reb8 37. Rb1 Nb5 38. Rba1 Bc6 39. e4 Nd6 40. Ke3 dxe4 41. fxe4 Bd7 42. e5 Ne8 43. Nc3 Nc7 44. d5 Rxb2 45. Rxb2 Rxb2 46. Nxc4 Rg2 47. d6 Rg3+ 48. Kd2 Ne6 49. Nb6 Bc6 50. Ncxa4 Rxg4 51. Nc3 Rxh4 52. Re1 Rb4 53. Rb1 Rxb1 54. Nxb1 f6 55. Nc4 fxe5 56. Nxe5 Kf6 57. Nxc6 Nc5 58. Nc3 Ke6 59. Nd8+ Kxd6 60. Nf7+ Ke6 61. Nxh6 1/2-1/2